 Dungeon Crawl Stone Soup version 0.29.1-1-gd02db6906a (webtiles) character file.

Game seed: 3637800099553475447

184 Linkola the Magician (level 5, 28/28 HPs)
             Began as a Deep Elf Fire Elementalist on Oct 22, 2022.
             Quit the game on level 3 of the Dungeon.
             The game lasted 00:09:36 (2354 turns).

Linkola the Magician (Deep Elf Fire Elementalist)   Turns: 2354, Time: 00:09:37

Health: 28/28      AC:  2    Str:  5    XL:     5   Next: 36%
Magic:  13/14      EV: 13    Int: 22    God:
Gold:   116        SH:  0    Dex: 15    Spells: 4/13 levels left

rFire   . . .      SeeInvis .   f - +2 short sword (venom)
rCold   . . .      Faith    .   (no shield)
rNeg    . . .      Spirit   .   a - +0 robe
rPois   .          Reflect  .   (no helmet)
rElec   .          Harm     .   (no cloak)
rCorr   .          Rampage  .   (no gloves)
Will    .....                   (no boots)
Stlth   ++........              (no amulet)
HPRegen 0.09/turn               (no ring)
MPRegen 0.14/turn               (no ring)

@: no status effects
A: no striking features
a: no special abilities


You were on level 3 of the Dungeon.
You visited 1 branch of the dungeon, and saw 3 of its levels.

You collected 116 gold pieces.

Inventory:

Hand Weapons
 f - a +2 short sword of venom (weapon)
Armour
 a - a +0 robe (worn)
Scrolls
 c - a scroll of teleportation
 g - a scroll of identify
Potions
 b - a potion of magic
 d - a potion of mutation {unknown}
 e - a potion of flight


   Skills:
 + Level 2.8 Dodging
 + Level 3.0 Stealth
 + Level 4.9 Spellcasting
 + Level 1.5 Conjurations
 + Level 1.8 Hexes
 + Level 4.9 Fire Magic


You had 4 spell levels left.
You knew the following spells:

 Your Spells              Type           Power      Damage    Failure   Level
a - Foxfire               Conj/Fire      76%        2x1d7     2%          1
b - Scorch                Fire           54%        2d8       1%          2
c - Conjure Flame         Conj/Fire      19%        6-21      8%          3
d - Inner Flame           Hex/Fire       20%        N/A       8%          3

Your spell library contained the following spells:

 Spells                   Type           Power      Damage    Failure   Level
 Slow                     Hex            52%        N/A       4%          1
 Confusing Touch          Hex            13%        N/A       14%         3
 Flame Wave               Conj/Fire      19%        2d7       26%         4
 Vampiric Draining        Necr           5%         2d6       30%         3


Dungeon Overview and Level Annotations

Branches:
Dungeon (3/15)

Altars:
Uskayaw


Message History

The foxfire hits the orc.
The orc is lightly wounded.
The foxfire hits the orc but does no damage.
The orc is lightly wounded.
The orc closely misses you. The orc hits you but does no damage.
The orc barely misses you.
Your magical contamination has completely faded away.
The orc attacks as you move away! The orc closely misses you.
The orc attacks as you move away! The orc barely misses you.
There is a stone staircase leading up here.
The orc closely misses you.
You climb upwards.
There is a stone staircase leading down here.
Casting: Foxfire (safe; 2% risk of failure)
Press: ? - help, Q - select action, (/) - cycle Dir - look around, f - activate You conjure some foxfire!
The orc misses you.
The foxfire hits the orc but does no damage.
The orc is lightly wounded.
The foxfire hits the orc.
You kill the orc!
Magic restored.
HP restored.
Done exploring.
Casting: Foxfire (safe; 2% risk of failure)
Confirm with . or Enter, or press ? or * to list all spells.
Okay, then.
Done exploring.
You climb downwards.
You hear the sound of rushing water.
There is an entrance to a sewer on this level.
Hurry and find it before the portal rusts away!
You hear the rusting of a very distant drain.
There is a stone staircase leading up here.
An orc comes into view. It is wielding a +0 dagger of venom.
Casting: Foxfire (safe; 2% risk of failure)
Press: ? - help, Q - select action, (/) - cycle Dir - look around, f - activate You conjure some foxfire!
Unknown command.
Are you sure you want to abandon this character and quit the game? (Confirm with "yes".)

#<#[##.#
#......#
#...####
#.###
#.# #.#
#.# #v#
#@#
#o...v.#
#.######


You could see an orc (asleep, ally target).

Vanquished Creatures
  Natasha (twice) (D:2)
  An orc wizard (D:3)
  6 adders (D:2)
  2 dart slugs
  2 worms (D:2)
  2 orcs
  4 ball pythons
  4 bats (D:1)
  4 endoplasms
  2 giant cockroaches
  7 goblins
  2 hobgoblins
  2 jackals (D:2)
  2 frilled lizards
  2 kobolds
  2 rats
46 creatures vanquished.

Vanquished Creatures (others)
  109 foxfires
  6 fungi (D:2)
  4 plants (D:2)
119 creatures vanquished.

Grand Total: 165 creatures vanquished

Notes
Turn   | Place    | Note
-------+----------+-------------------------------------------
     0 | D:1      | Linkola the Deep Elf Fire Elementalist began the quest for
                  | the Orb.
     0 | D:1      | Reached XP level 1. HP: 10/10 MP: 6/6
   402 | D:1      | Reached XP level 2. HP: 15/15 MP: 5/8
   405 | D:1      | Learned a level 2 spell: Scorch
   908 | D:2      | Noticed Natasha
   910 | D:2      | Noticed a crimson imp
   911 | D:2      | Reached XP level 3. HP: 19/19 MP: 6/10
   914 | D:2      | Killed Natasha
   971 | D:2      | Found a hide-covered altar of Uskayaw.
  1096 | D:2      | Reached XP level 4. HP: 23/24 MP: 6/12
  1100 | D:2      | Learned a level 3 spell: Conjure Flame
  1405 | D:2      | Learned a level 3 spell: Inner Flame
  1891 | D:2      | Found a faded altar of an unknown god.
  1891 | D:2      | Noticed Natasha
  1908 | D:2      | Killed Natasha
  1909 | D:2      | Reached skill level 1 in Hexes
  1909 | D:2      | Reached XP level 5. HP: 28/28 MP: 5/14
  2354 | D:3      | Quit the game

Illustrated notes

Levels and vault maps discovered:
D:1:      evilmike_arrival_crescent, layout_basic, minmay_box_of_dots
D:2:      layout_loops_ring, basic_altar,
          dreamdust_ecumenical_altar_hidden_monk_grotto, uniq_natasha
D:3:      layout_loops_cross, trog_hazing_becter, portal_sewer_entry_e

Skill      XL: |  1  2  3  4 |
---------------+-------------+-----
Stealth        | 3 |  3.0
Spellcasting   | 4 |  4.9
Fire Magic     | 4 |  4.9
Hexes          | 1 |  1.8
Dodging        | |  2.8
Conjurations   | |  1.5

Action                   |  1- 3 |  4- 6 || total
-------------------------+-------+-------++-------
Melee: Short sword       |       |     1 ||     1
 Cast: Foxfire           |    35 |    35 ||    70
       Scorch            |     8 |     6 ||    14
       Inner Flame       |       |     6 ||     6
       Conjure Flame     |       |     1 ||     1
  Use: Scroll            |     7 |     1 ||     8
       Potion            |       |     1 ||     1
Armor: Robe              |     2 |     4 ||     6
Dodge: Dodged            |     3 |    18 ||    21
